Cogmind - Beta 10.2 @@@ ROGUE MODE // 2021.10.18 @ 00:03:00 Player: raddakar Result: Destroyed by Y-64 Sentinel with KE Penetrator Performance ------------- Evolutions (6) 3000 Regions Visited (14) 2800 Robots Destroyed (223) 1115 Value Destroyed (11706) 11706 Prototype IDs (11) 220 Alien Tech Used (0) 0 Bonus (5102) 5102 TOTAL SCORE: 23943 Bonus ------- High Alert Combat Kills 2102 Follower Combat Kills 1028 Entered Garrisons 600 Used RIF Installer 1500 Friendly Fire -128 Cogmind --------- Core Integrity 0/1150 Matter 270/300 Energy 52/100 System Corruption 2% Temperature Cool (0) Movement Walking (120) Location -4/Factory Parts ------- > --- POWER (2) -------- (None) > --- PROPULSION (4) --- Flexi-carbon Leg Flexi-carbon Leg > --- UTILITY (8) ------ (None) > --- WEAPON (5) ------- Power Sword > --- INVENTORY (4) ---- (None) Peak State ------------ > --- POWER ------------ Reinforced Fission Core Light Antimatter Reactor > --- PROPULSION ------- Heavy Treads Heavy Treads > --- UTILITY ---------- Advanced Heat Sink Advanced Heat Sink Improved Coolant Injector High-capacity Storage Unit High-capacity Storage Unit Hardened Heavy Armor Plating Improved Medium Armor Plating > --- WEAPON ----------- Arc Projector Phase Gun Autogun Autogun Coil Gun > --- INVENTORY -------- Light Antimatter Reactor Flexi-carbon Leg Flexi-carbon Leg Flexi-carbon Leg Myomer Leg Myomer Leg Myomer Leg Myomer Leg Energy Well High-capacity Matter Pod Arc Projector Arc Projector Phase Gun Phase Gun Autogun Autogun High-powered Shotgun Long-range Missile Launcher Power Sword [Rating: 96] Favorites ----------- Power Improved Deuterium Engine Engine Improved Deuterium Engine Power Core Reinforced Fission Core Reactor Light Antimatter Reactor Propulsion Improved Treads Treads Improved Treads Leg Improved Aluminum Leg Wheel Armored Huge Wheel Utility High-capacity Storage Unit Device Advanced Heat Sink Storage High-capacity Storage Unit Processor Advanced Targeting Computer Hackware Relay Coupler [Sentry] Protection Improved Light Armor Plating Weapon Autogun Energy Gun Precision Shock Rifle Ballistic Gun Autogun Launcher Improved Proton Missile Launcher Special Weapon Remote Datajack Slashing Weapon Power Sword Piercing Weapon Spear Special Melee Weapon Datajack Build | -11 -10 -9 -8 -7 -7 -6 -6 -6 -6 -5 -5 -5 -5 -4 ------- Run | Scr Mat Mat Mat Fac Sto Fac Gar Fac Gar Fac Gar Fac Ext Fac Slots Evolved 12 | . . 2 2 2 . 2 . . . 2 . . . 2 Power 1 | . . . . . . . . . . . . . . 1 Propulsion 2 | . . . 2 . . . . . . . . . . . Utility 6 | . . . . 2 . 2 . . . 1 . . . 1 Weapon 3 | . . 2 . . . . . . . 1 . . . . Parts Attached 399 | 6 5 22 19 24 43 20 51 . 41 27 46 3 39 53 Power 31 | 1 1 5 2 1 3 2 3 . 2 3 3 . . 5 Engine 21 | 1 1 5 2 1 2 2 2 . 1 3 1 . . . Core 5 | . . . . . 1 . . . 1 . 1 . . 2 Reactor 5 | . . . . . . . 1 . . . 1 . . 3 Propulsion 80 | 2 . 4 8 6 11 2 5 . 6 6 10 1 7 12 Treads 51 | 2 . . . 2 9 . 4 . 6 5 9 1 7 6 Leg 17 | . . 4 5 1 . . . . . . 1 . . 6 Wheel 12 | . . . 3 3 2 2 1 . . 1 . . . . Hover . | . . . . . . . . . . . . . . . Flight . | . . . . . . . . . . . . . . . Utility 106 | 1 3 2 . 8 10 7 14 . 13 10 14 . 12 12 Device 46 | . 1 . . . 7 3 5 . 2 7 8 . 6 7 Storage 5 | 1 . 2 . 2 . . . . . . . . . . Processor 4 | . 1 . . 1 1 . 1 . . . . . . . Hackware 13 | . . . . . . . . . 6 2 3 . 2 . Protection 38 | . 1 . . 5 2 4 8 . 5 1 3 . 4 5 Artifact . | . . . . . . . . . . . . . . . Weapon 182 | 2 1 11 9 9 19 9 29 . 20 8 19 2 20 24 Energy Gun 71 | . . 5 . 3 11 5 13 . 7 . 10 2 7 8 Energy Cannon . | . . . . . . . . . . . . . . . Ballistic Gun 80 | 2 1 6 8 5 4 3 9 . 8 7 7 . 10 10 Ballistic Cannon . | . . . . . . . . . . . . . . . Launcher 8 | . . . 1 . 1 1 2 . 1 . . . 1 1 Special Weapon 8 | . . . . . . . . . 3 . 2 . 1 2 Impact Weapon . | . . . . . . . . . . . . . . . Slashing Weapon 10 | . . . . . . . 5 . 1 1 . . . 3 Piercing Weapon 2 | . . . . 1 1 . . . . . . . . . Special Melee Weapon 3 | . . . . . 2 . . . . . . . 1 . Unidentified Prototypes 11 | . . 3 1 1 3 1 . . . 1 . . 1 . Parts Lost 72 | . . 2 2 3 10 1 11 . 11 2 5 1 1 23 Power 7 | . . . . . 1 . 1 . 1 . . . . 4 Propulsion 15 | . . 1 . 3 2 . 2 . 3 1 . . . 3 Utility 13 | . . . . . . 1 1 . 1 . 2 . . 8 Weapon 37 | . . 1 2 . 7 . 7 . 6 1 3 1 1 8 Highest Loss Streak 13 | . . 1 2 2 3 1 6 . 9 2 4 1 1 13 Average Slot Usage (%) 94 | . 98 98 98 99 99 85 88 93 98 96 98 99 98 81 Engine 4 | . 14 10 9 7 6 6 4 6 1 5 3 . . . Core 1 | . . . . . . . . . 4 . . 5 5 5 Treads 13 | . 28 . . 3 19 5 6 13 23 22 22 22 23 12 Leg 4 | . . 21 34 7 . . . . . . . . . . Wheel 4 | . . . 1 18 9 9 8 6 1 . . . . . Device 6 | . 4 . . . 2 3 6 6 . 2 14 17 16 15 Storage 17 | . 14 18 18 17 23 20 20 20 20 17 17 17 12 9 Processor 1 | . 2 3 . 5 . 2 . . . . . . . . Hackware 1 | . . . . . . . . . 7 9 2 . 1 . Protection 6 | . 5 . . 6 4 10 11 13 10 7 4 5 7 8 Energy Gun 9 | . . 17 . 6 14 17 10 . 1 2 10 11 11 6 Ballistic Gun 18 | . 28 25 34 23 13 8 14 20 19 19 16 17 15 16 Naked Turns 55 | . . . . . . . . . . . . . . 55 Heaviest Build 151 | 12 15 83 86 118 139 148 137 126 131 131 151 151 151 148 Greatest Support 140 | 40 40 40 49 56 80 80 56 28 120 120 92 92 113 140 Greatest Overweight (x) 6 | 2 . 3 6 4 2 4 6 4 4 1 2 2 1 2 Average Overweight (x) 1 | . . 1 1 2 1 2 3 4 . 1 1 1 1 . Largest Inventory Capacity 28 | 6 6 20 20 28 28 28 28 28 28 28 28 28 28 20 Average Capacity 23 | 5 6 15 20 21 28 28 28 28 28 28 28 28 22 18 Most Carried 28 | 6 6 20 20 28 28 28 28 28 28 28 28 28 28 20 Average Carried 22 | 3 5 12 19 20 27 27 27 28 27 27 27 27 22 18 Final Capacity 28 | 6 6 20 20 28 28 28 28 28 28 28 28 28 20 4 Final Carried 28 | 6 6 20 20 28 28 28 28 28 28 27 28 28 17 . Class Distribution -------------------- 30% | Scavenger-Tank 17% | Hauler-Gunner 11% | Hauler-Tank 9% | Bothacker-Mutant 6% | Hauler-Mutant 6% | Bothacker-Tank 6% | Scavenger-Mutant 5% | Mutant 3% | Scavenger-Gunner Dominant Class ---------------- Mutant | -10/Materials Hauler-Gunner | -9/Materials Hauler-Gunner | -8/Materials Hauler-Gunner | -7/Factory Scavenger-Tank | -7/Storage Hauler-Tank | -6/Factory Scavenger-Tank | -6/Garrison Bothacker-Mutant | -6/Factory Bothacker-Mutant | -6/Garrison Bothacker-Tank | -5/Factory Scavenger-Tank | -5/Garrison Scavenger-Tank | -5/Factory Scavenger-Tank | -5/Extension Scavenger-Tank | -4/Factory Resources | -11 -10 -9 -8 -7 -7 -6 -6 -6 -6 -5 -5 -5 -5 -4 ----------- Run | Scr Mat Mat Mat Fac Sto Fac Gar Fac Gar Fac Gar Fac Ext Fac Matter Collected 9702 | 280 133 595 321 909 1204 488 956 . 818 605 913 49 629 1802 Remotely 50 | . 50 . . . . . . . . . . . . . Salvage Created 11948 | 89 296 1045 549 668 1607 856 1330 . 348 751 925 88 801 2595 Parts 524 | 1 17 48 30 33 67 25 61 . 17 32 30 4 41 118 Haulers Intercepted 6 | . . 3 . 1 2 . . . . . . . . . Recyclers Shooed 9 | . . 4 . . . 2 . . . 1 . . 2 . Parts Field Recycled . | . . . . . . . . . . . . . . . Retrieved Matter . | . . . . . . . . . . . . . . . Parts Self-Destructed . | . . . . . . . . . . . . . . . Prevented . | . . . . . . . . . . . . . . . Kills | -11 -10 -9 -8 -7 -7 -6 -6 -6 -6 -5 -5 -5 -5 -4 ------- Run | Scr Mat Mat Mat Fac Sto Fac Gar Fac Gar Fac Gar Fac Ext Fac Combat Hostiles Destroyed 192 | . 9 9 14 11 27 13 25 . 10 8 14 1 10 41 Melee 1 | . . . . . . . . . . 1 . . . . Guns 173 | . 9 8 14 10 26 13 20 . 7 6 14 1 10 35 AOE 14 | . . . . . 1 . 5 . 3 . . . . 5 Classes Destroyed 13 | 1 2 2 1 1 1 1 1 . . . . . 1 2 Worker 5 | . . . . . 1 . . . . . . . 1 3 Builder 4 | . . . . . . . . . . . . . 1 3 Hauler 6 | . . 3 . 1 2 . . . . . . . . . Recycler 15 | 1 . 6 1 1 1 1 . . . 2 . . 1 1 Swarmer 47 | . 3 3 7 3 3 2 7 . 7 2 . . 3 7 Saboteur 2 | . . . . . . . . . . . . . . 2 Grunt 71 | . 6 3 2 3 13 5 11 . . 4 9 . 3 12 Brawler 5 | . . . . . . 1 1 . . . 2 . . 1 Duelist 6 | . . . 1 . . 1 1 . . . . . . 3 Sentry 34 | . . 3 4 3 9 2 3 . 1 3 1 1 2 2 Hunter 6 | . . . . . . . . . . . . . . 6 Programmer 16 | . . . . 2 2 2 1 . 1 . 1 . . 7 Behemoth 6 | . . . . . . . 1 . 1 . 1 . 2 1 Best Kill Streak 8 | 1 5 3 5 3 4 5 5 . 4 4 4 1 4 8 Combat Bots Only 5 | . 5 3 5 3 3 5 5 . 4 4 4 1 3 4 Max Kills in Single Turn 4 | 1 1 1 1 1 1 1 4 . 2 1 2 1 2 3 Gunslinging 1 | . . . . . . . . . . . 1 . 1 1 Exploded 4 | . . . . . 1 . 4 . 2 . . . . 3 Melee 1 | . . . . . . . . . . 1 . . . . Uniques/NPCs Destroyed . | . . . . . . . . . . . . . . . Combat | -11 -10 -9 -8 -7 -7 -6 -6 -6 -6 -5 -5 -5 -5 -4 -------- Run | Scr Mat Mat Mat Fac Sto Fac Gar Fac Gar Fac Gar Fac Ext Fac Damage Taken 22239 | . 347 635 751 1250 1753 1430 2503 100 1934 990 2190 91 1040 7225 Core 2339 | . 64 69 62 135 101 88 269 . 159 28 176 . 34 1154 Absorbed by Shields 15 | . . . . . . . . . . . 5 . . 10 Reduced by Siege Mode 4 | . . . . . . . . . . . . . . 4 Core Remaining (%) 75 | 100 74 82 88 . 66 . . . 39 . . . 76 . Volleys Fired 568 | 5 24 44 26 42 65 44 50 . 39 33 49 2 42 103 Largest 5 | 2 2 4 4 4 4 4 4 . 4 4 5 5 5 5 Hottest 334 | 40 40 152 89 130 250 240 268 . 257 164 286 246 328 334 Shots Fired 2048 | 10 48 145 104 167 256 154 187 . 80 86 183 10 120 498 Gun 1997 | 10 48 145 104 167 256 154 183 . 63 73 174 10 116 494 Cannon . | . . . . . . . . . . . . . . . Launcher 14 | . . . . . . . 4 . 3 . . . 3 4 Special 37 | . . . . . . . . . 14 13 9 . 1 . Kinetic 1356 | 10 48 94 104 130 174 70 98 . 44 65 110 6 61 342 Thermal 394 | . . 15 . 10 54 41 25 . 14 8 54 3 48 122 Explosive 7 | . . . . . . . 3 . . . . . . 4 Electromagnetic 254 | . . 36 . 27 28 43 61 . 8 . 10 1 10 30 Robot Hit Streak 48 | 2 19 12 21 15 14 13 8 . 18 15 48 19 16 29 Robot Miss Streak 10 | 2 1 5 6 5 10 5 8 . 4 6 4 1 3 6 Penetration Max 1 | . . . . . . . . . . 1 1 . 1 1 Secondary Targets 36 | . 1 1 2 3 2 4 5 . . . 5 . 3 10 Max Gunslinging Chain 1 | . 1 1 1 1 1 1 1 . . . 1 . 1 1 Shots Hit Robots 1426 | 5 39 83 66 109 171 125 139 . 61 66 143 5 85 329 Core Hits 642 | 2 16 27 29 31 90 58 103 . 24 35 52 4 39 132 Critical Hits 19 | . . 1 . 4 1 1 1 . . 2 3 . . 6 Critical Kills 4 | . . . . . . . 1 . . 1 . . . 2 Critical Parts Destroyed 13 | . . 1 . 4 . 1 . . . 1 2 . . 4 Melee Attacks 28 | . . . . 2 2 . 12 . 1 4 . . 2 5 Impact . | . . . . . . . . . . . . . . . Slashing 22 | . . . . . . . 12 . 1 4 . . . 5 Piercing 4 | . . . . 2 2 . . . . . . . . . Sneak Attacks 5 | . . . . . . . . . . 4 . . . 1 Combat Hostiles 4 | . . . . . . . . . . 4 . . . . Follow-up Attacks . | . . . . . . . . . . . . . . . Damage Inflicted 25920 | 62 409 1136 690 1676 2910 2083 2736 . 1072 1543 2716 105 2011 6771 Guns 22805 | 62 409 1080 665 1576 2795 2047 2285 . 910 1085 2716 105 1614 5456 Cannons . | . . . . . . . . . . . . . . . Explosions 2282 | . . 44 . 73 106 . 451 . 151 . . . 342 1115 Melee 637 | . . . . . . . . . . 458 . . . 179 Ramming 196 | . . 12 25 27 9 36 . . 11 . . . 55 21 Kinetic 13467 | 62 409 485 665 1185 1727 837 1186 . 496 873 1446 62 769 3265 Thermal 7005 | . . 186 . 233 788 587 552 . 434 212 1168 24 807 2014 Explosive 1251 | . . . . . . . 136 . . . . . . 1115 Electromagnetic 3364 | . . 453 . 231 386 623 862 . 131 . 102 19 380 177 Impact . | . . . . . . . . . . . . . . . Slashing 637 | . . . . . . . . . . 458 . . . 179 Piercing . | . . . . . . . . . . . . . . . Highest Corruption 11 | . 2 8 . 6 11 6 7 7 7 . . . . 5 Average Corruption 5 | . 2 7 . 4 7 3 6 7 7 . . . . 2 Corruption Purged 5 | . . . . . . . . . . . . . . 5 Effects 212 | . 1 11 . 7 59 18 56 2 41 . . . . 17 Message Errors 43 | . 1 1 . 2 11 3 11 1 10 . . . . 3 Matter Fused 35 | . . 5 . 1 12 1 11 . 5 . . . . . Heat Flow Errors 16 | . . . . . 4 3 4 1 4 . . . . . Energy Discharges 25 | . . 1 . 2 6 4 6 . 5 . . . . 1 Parts Rejected 2 | . . . . . . . 1 . 1 . . . . . Data Loss (minor) 17 | . . . . . 3 2 5 . 7 . . . . . Data Loss (major) 8 | . . 1 . . 3 1 . . 3 . . . . . Misfires 7 | . . . . . 2 1 2 . 2 . . . . . Targeting Errors 49 | . . 3 . 1 16 1 14 . 4 . . . . 10 Weapon Failures 10 | . . . . 1 2 2 2 . . . . . . 3 Overload Shots . | . . . . . . . . . . . . . . . Overflow Damage 422 | . . . . 26 . . 17 . . 275 . . . 104 Projectiles . | . . . . . . . . . . . . . . . Explosions 43 | . . . . 26 . . 17 . . . . . . . Melee 379 | . . . . . . . . . . 275 . . . 104 Knockbacks 1 | . . . . . . . . . . . . . 1 . Impact 1 | . . . . . . . . . . . . . 1 . Kinetic . | . . . . . . . . . . . . . . . Secondary . | . . . . . . . . . . . . . . . Self-Inflicted Damage 118 | . . 5 . 13 21 17 52 . 10 . . . . . Shots 3 | . . . . . 1 . 1 . 1 . . . . . Rammed 17 | . . 2 . 3 1 3 . . 1 . . . 4 3 Targets Rammed 19 | . . 2 2 3 1 3 . . 1 . . . 4 3 Kicked 2 | . . . 2 . . . . . . . . . . . Crushed . | . . . . . . . . . . . . . . . Highest Temperature 422 | . 62 378 125 310 422 336 411 133 388 51 287 45 153 199 Average Temperature 107 | . 29 115 34 109 147 127 127 86 102 19 64 21 40 95 Received Heat Transfer 4524 | . 171 126 189 294 609 252 669 9 219 255 729 18 309 675 Effects 16 | . . 6 . 1 6 1 2 . . . . . . . Shutdowns 4 | . . . . . 4 . . . . . . . . . Energy Bleed 4 | . . 1 . 1 1 . 1 . . . . . . . Interference 5 | . . 5 . . . . . . . . . . . . Matter Decay 1 | . . . . . 1 . . . . . . . . . Short Circuit 1 | . . . . . . . 1 . . . . . . . Damage (minor) 1 | . . . . . . 1 . . . . . . . . Siege Activations 1 | . . . . . . . . . . . . . . 1 Total Turns 19 | . . . . . . . . . . . . . . 19 Longest Duration 19 | . . . . . . . . . . . . . . 19 Robots Corrupted 2 | . . 1 . 1 . . . . . . . . . . Combat Hostiles 2 | . . 1 . 1 . . . . . . . . . . Parts Fried 11 | . . 2 . 1 1 3 3 . . . . . . 1 Impact Corruptions . | . . . . . . . . . . . . . . . Robots Melted 2 | . . . . . . . . . . 1 . . . 1 Combat Hostiles 2 | . . . . . . . . . . 1 . . . 1 Parts Melted 18 | . . . . . 4 1 2 . 2 2 3 . 1 3 Heat Transferred 11861 | . . 333 . 346 1568 1135 744 . 849 475 1993 37 1308 3073 Parts Sabotaged . | . . . . . . . . . . . . . . . Parts Stolen . | . . . . . . . . . . . . . . . Parts Stripped . | . . . . . . . . . . . . . . . Power Chain Reactions 8 | . . 1 . 1 1 . 3 . 1 . . . 1 . Missiles Intercepted . | . . . . . . . . . . . . . . . Alert | -11 -10 -9 -8 -7 -7 -6 -6 -6 -6 -5 -5 -5 -5 -4 ------- Run | Scr Mat Mat Mat Fac Sto Fac Gar Fac Gar Fac Gar Fac Ext Fac Peak Influence 1269 | 5 263 222 467 188 545 364 1269 680 775 953 1070 596 850 1050 Initial 665 | . 3 26 44 139 73 199 254 665 476 401 586 561 291 343 Average 466 | . 165 84 240 96 379 159 787 676 662 706 792 574 567 607 Maximum Alert Level 4 | . 1 1 2 . 2 1 4 2 3 3 3 2 3 3 Low Security (%) 28 | 100 73 88 32 100 12 70 . . . . . . . . Level 1 15 | . 26 11 61 . 30 29 16 . . . . . 27 14 Level 2 30 | . . . 5 . 56 . 15 100 69 29 32 100 50 58 Level 3 23 | . . . . . . . 55 . 30 70 67 . 21 26 Level 4 1 | . . . . . . . 12 . . . . . . . Level 5 . | . . . . . . . . . . . . . . . High Security . | . . . . . . . . . . . . . . . Max Security . | . . . . . . . . . . . . . . . Squads Dispatched 39 | . 3 1 . 3 5 7 . . . 6 . . 3 11 Investigation 4 | . 1 . . 1 . 1 . . . . . . 1 . Extermination 8 | . . . . 2 2 2 . . . . . . . 2 Reinforcement 10 | . 2 1 . . 3 1 . . . . . . 1 2 Assault 7 | . . . . . . . . . . 3 . . 1 3 Garrison 10 | . . . . . . 3 . . . 3 . . . 4 Intercept . | . . . . . . . . . . . . . . . Construction Impeded 2 | . . . . . . 1 . . . . . . . 1 Haulers Reinforced 1 | . . . . . 1 . . . . . . . . . Alert ID Control Effect 8 | . . . . . . . . . . . 7 . 1 . Stealth | -11 -10 -9 -8 -7 -7 -6 -6 -6 -6 -5 -5 -5 -5 -4 --------- Run | Scr Mat Mat Mat Fac Sto Fac Gar Fac Gar Fac Gar Fac Ext Fac Distress Signals 12 | . . . 2 . 3 1 . . . . . . 2 4 Communications Jammed . | . . . . . . . . . . . . . . . Distress Signals . | . . . . . . . . . . . . . . . Times Spotted 339 | . 13 12 25 15 35 16 30 4 24 18 31 1 41 74 Peak Tracking Total 11 | . 3 3 6 3 5 4 5 4 5 4 8 1 9 11 Tactical Retreats 22 | . 1 . 2 1 1 . 1 . 1 3 5 . 3 4 Traps | -11 -10 -9 -8 -7 -7 -6 -6 -6 -6 -5 -5 -5 -5 -4 ------- Run | Scr Mat Mat Mat Fac Sto Fac Gar Fac Gar Fac Gar Fac Ext Fac Traps Triggered 25 | . 1 . . 3 3 1 6 1 . . 9 . . 1 Indirectly . | . . . . . . . . . . . . . . . Trap Hack Attempts 45 | . . . . . 45 . . . . . . . . . Triggered . | . . . . . . . . . . . . . . . Disarmed . | . . . . . . . . . . . . . . . Reprogrammed 5 | . . . . . 5 . . . . . . . . . Reused . | . . . . . . . . . . . . . . . Traps Extracted 4 | . . . . . 4 . . . . . . . . . Installed . | . . . . . . . . . . . . . . . Triggered . | . . . . . . . . . . . . . . . Machines | -11 -10 -9 -8 -7 -7 -6 -6 -6 -6 -5 -5 -5 -5 -4 ---------- Run | Scr Mat Mat Mat Fac Sto Fac Gar Fac Gar Fac Gar Fac Ext Fac Machines Disabled 32 | . . 1 . . 2 2 5 . 4 1 5 . 6 6 Max in Single Turn 2 | . . 1 . . 1 2 2 . 1 1 1 . 1 1 Garrison Access 1 | . . . . . . . . . . . . . . 1 Garrison Relay 11 | . . . . . . . 3 . 4 . 4 . . . Energy Cycler 2 | . . . . . . . . . . . . . 2 . Machines Sabotaged . | . . . . . . . . . . . . . . . Garrisons Compromised . | . . . . . . . . . . . . . . . Overloaded Fab Kills . | . . . . . . . . . . . . . . . Fab Network Shutdowns 1 | . . . . . . . . . . 1 . . . . Hacking | -11 -10 -9 -8 -7 -7 -6 -6 -6 -6 -5 -5 -5 -5 -4 --------- Run | Scr Mat Mat Mat Fac Sto Fac Gar Fac Gar Fac Gar Fac Ext Fac Machines Accessed 37 | . 2 3 3 4 7 2 . 2 . 3 . . 7 4 Terminals 24 | . 2 3 3 1 5 1 . . . 1 . . 5 3 Fabricators 1 | . . . . . . . . . . 1 . . . . Repair Stations 3 | . . . . 2 . . . . . . . . . 1 Recycling Units 6 | . . . . 1 2 . . 1 . . . . 2 . Scanalyzers . | . . . . . . . . . . . . . . . Garrison Access 3 | . . . . . . 1 . 1 . 1 . . . . Total Hacks 93 | . 6 9 13 15 15 4 . 3 . 5 . . 11 12 Successful 36 | . 2 5 4 7 5 1 . 2 . 2 . . 3 5 Failed 57 | . 4 4 9 8 10 3 . 1 . 3 . . 8 7 Catastrophic 8 | . . . 2 . 2 . . . . 1 . . 3 . Database Lockouts . | . . . . . . . . . . . . . . . Manual 37 | . 1 9 10 6 2 1 . . . . . . . 8 Terminals 62 | . 6 9 13 5 11 1 . . . 3 . . 7 7 Fabricators 1 | . . . . . . . . . . 1 . . . . Repair Stations 14 | . . . . 9 . . . . . . . . . 5 Recycling Units 11 | . . . . 1 4 . . 2 . . . . 4 . Scanalyzers . | . . . . . . . . . . . . . . . Garrison Access 5 | . . . . . . 3 . 1 . 1 . . . . Terminal Hacks 15 | . 2 2 3 1 4 . . . . . . . 2 1 Record 2 | . . . 2 . . . . . . . . . . . Open Door 5 | . . . . . 3 . . . . . . . 2 . Alert Level 3 | . . 2 1 . . . . . . . . . . . Unreport Threat 2 | . . . . 1 . . . . . . . . . 1 Locate Traps 1 | . 1 . . . . . . . . . . . . . Zone Layout 2 | . 1 . . . 1 . . . . . . . . . Fabricator Hacks 1 | . . . . . . . . . . 1 . . . . Build 1 | . . . . . . . . . . 1 . . . . Repair Station Hacks 8 | . . . . 4 . . . . . . . . . 4 Scan Component 5 | . . . . 3 . . . . . . . . . 2 Repair 3 | . . . . 1 . . . . . . . . . 2 Recycling Unit Hacks 3 | . . . . 1 . . . 1 . . . . 1 . Report Inventory 3 | . . . . 1 . . . 1 . . . . 1 . Scanalyzer . | . . . . . . . . . . . . . . . Garrison Access Hacks 3 | . . . . . . 1 . 1 . 1 . . . . Unlock Access 3 | . . . . . . 1 . 1 . 1 . . . . Unauthorized Hacks 6 | . . 3 1 1 1 . . . . . . . . . Terminals 6 | . . 3 1 1 1 . . . . . . . . . Botnet 6 | . . 3 1 1 1 . . . . . . . . . Fabricators . | . . . . . . . . . . . . . . . Repair Stations . | . . . . . . . . . . . . . . . Recycling Units . | . . . . . . . . . . . . . . . Scanalyzers . | . . . . . . . . . . . . . . . Garrison Access . | . . . . . . . . . . . . . . . Data Cores Recovered . | . . . . . . . . . . . . . . . Used . | . . . . . . . . . . . . . . . Hacking Detections 31 | . 2 2 3 3 5 2 . 2 . 3 . . 5 4 Full Trace Events 4 | . 1 . . 1 . 1 . . . . . . 1 . Feedback Events . | . . . . . . . . . . . . . . . Feedback Blocked . | . . . . . . . . . . . . . . . Robot Schematics Acquired . | . . . . . . . . . . . . . . . Robots Built . | . . . . . . . . . . . . . . . Matter . | . . . . . . . . . . . . . . . Time . | . . . . . . . . . . . . . . . Total Robot Build Rating . | . . . . . . . . . . . . . . . Part Schematics Acquired . | . . . . . . . . . . . . . . . Parts Built 1 | . . . . . . . . . . 1 . . . . Matter 212 | . . . . . . . . . . 212 . . . . Time 53 | . . . . . . . . . . 53 . . . . Total Part Build Rating 6 | . . . . . . . . . . 6 . . . . Parts Repaired 3 | . . . . 1 . . . . . . . . . 2 Time 125 | . . . . 25 . . . . . . . . . 100 Parts Recycled . | . . . . . . . . . . . . . . . Recycled Matter . | . . . . . . . . . . . . . . . Retrieved Matter . | . . . . . . . . . . . . . . . Retrieved Components . | . . . . . . . . . . . . . . . Parts Scanalyzed . | . . . . . . . . . . . . . . . Part Schematics Acquired . | . . . . . . . . . . . . . . . Parts Damaged . | . . . . . . . . . . . . . . . Bothacking | -11 -10 -9 -8 -7 -7 -6 -6 -6 -6 -5 -5 -5 -5 -4 ------------ Run | Scr Mat Mat Mat Fac Sto Fac Gar Fac Gar Fac Gar Fac Ext Fac Used RIF Installer 3 | . . . . . . . 1 . 1 . 1 . . . Patrol Navigation 1 | . . . . . . . . . . . 1 . . . Alert ID Control 1 | . . . . . . . . . 1 . . . . . Robots Hacked 25 | . . . . . . . . . 11 6 6 . 2 . Non-combat . | . . . . . . . . . . . . . . . Combat 25 | . . . . . . . . . 11 6 6 . 2 . Robot Hacks Applied 29 | . . . . . . . . . 12 8 7 . 2 . parse_system 2 | . . . . . . . . . 1 . 1 . . . disrupt_area 1 | . . . . . . . . . . . 1 . . . disable_weapons 2 | . . . . . . . . . . 2 . . . . reboot_system 3 | . . . . . . . . . 1 2 . . . . go_dormant 1 | . . . . . . . . . 1 . . . . . overwrite_iff 3 | . . . . . . . . . . 3 . . . . formatsys_high 17 | . . . . . . . . . 9 1 5 . 2 . Relay Couplers Released 49 | . . . . . . 4 14 . 13 . 16 . . 2 Machine Destruction 45 | . . . . . . . 14 . 13 . 16 . . 2 Programmers 4 | . . . . . . 4 . . . . . . . . Attached 13 | . . . . . . . . . 6 2 3 . 2 . Robots Rewired . | . . . . . . . . . . . . . . . Allies Hacked . | . . . . . . . . . . . . . . . Hacks Repelled . | . . . . . . . . . . . . . . . Allies | -11 -10 -9 -8 -7 -7 -6 -6 -6 -6 -5 -5 -5 -5 -4 -------- Run | Scr Mat Mat Mat Fac Sto Fac Gar Fac Gar Fac Gar Fac Ext Fac Total Allies 24 | . . . . . . . . . 9 4 5 . 6 . Largest Group 6 | . . . . . . . . . 3 1 4 . 6 . Highest-Rated Group 316 | . . . . . . . . . 99 49 134 . 316 . Highest-Rated Ally 156 | . . . . . . . . . 41 49 49 . 156 . Total Orders 9 | . . . . . . . 8 . 1 . . . . . GUARD 1 | . . . . . . . . . 1 . . . . . EXPLORE 4 | . . . . . . . 4 . . . . . . . RETURN 4 | . . . . . . . 4 . . . . . . . Ally Attacks 176 | . . . . . . . . . 32 10 38 . 96 . Total Damage 4924 | . . . . . . . . . 915 240 979 . 2790 . Kills 30 | . . . . . . . . . 4 . 7 . 19 . Allies Corrupted . | . . . . . . . . . . . . . . . Allies Melted 1 | . . . . . . . . . . 1 . . . . Intel | -11 -10 -9 -8 -7 -7 -6 -6 -6 -6 -5 -5 -5 -5 -4 ------- Run | Scr Mat Mat Mat Fac Sto Fac Gar Fac Gar Fac Gar Fac Ext Fac Robot Analysis Total . | . . . . . . . . . . . . . . . Derelict Logs Recovered . | . . . . . . . . . . . . . . . Drone Launches 8 | . . . . . . . 8 . . . . . . . Drone Recoveries 8 | . . . . . . . 8 . . . . . . . Exploration | -11 -10 -9 -8 -7 -7 -6 -6 -6 -6 -5 -5 -5 -5 -4 ------------- Run | Scr Mat Mat Mat Fac Sto Fac Gar Fac Gar Fac Gar Fac Ext Fac Turns Passed 12752 | 121 427 1002 640 1126 1322 1100 1323 68 1248 709 1304 107 800 1455 Spaces Moved 6171 | 62 208 430 337 704 584 655 665 49 596 313 584 53 317 614 Core 146 | 8 . . . . . . . . . . . . . 138 Treads 2957 | 54 208 15 . . 361 95 2 . 489 313 584 53 317 466 Legs 739 | . . 415 314 . . . . . . . . . . 10 Wheels 2329 | . . . 23 704 223 560 663 49 107 . . . . . Hover . | . . . . . . . . . . . . . . . Flight . | . . . . . . . . . . . . . . . Fastest Speed 50 | 50 160 120 110 110 107 120 120 140 140 175 176 180 180 50 Average Speed 151 | 150 160 179 147 118 155 131 132 140 159 177 177 180 180 149 Slowest Speed 280 | 160 160 210 210 130 180 220 280 140 180 180 195 200 180 200 Overloaded Moves . | . . . . . . . . . . . . . . . Propulsion Burnouts . | . . . . . . . . . . . . . . . Robots Hopped . | . . . . . . . . . . . . . . . Cave-ins Triggered . | . . . . . . . . . . . . . . . Exploration Rate (%) 33 | 4 35 31 27 15 70 14 84 3 82 5 75 2 40 19 Regions Visited 14 Branch Regions 2 Pre-discovered Areas . | . . . . . . . . . . . . . . . Known Exits Taken 4 | . . . . . 1 1 . 1 . 1 . . . . Unknown Exits Taken 7 | 1 1 1 1 1 . . . . . . . 1 1 . Scrap Searched . | . . . . . . . . . . . . . . . Spaces Dug 8 | . . . . 2 . . 3 . . . . . . 3 Terrain Destroyed 127 | . . 2 . 9 2 31 31 . 4 1 6 . 5 36 Melee 8 | . . . . 2 . . 3 . . . . . . 3 Projectile 27 | . . . . . . 2 2 . . 1 6 . 4 12 AOE 92 | . . 2 . 7 2 29 26 . 4 . . . 1 21 Terrain Rammed . | . . . . . . . . . . . . . . . Walls Destroyed . | . . . . . . . . . . . . . . . Machines Disabled . | . . . . . . . . . . . . . . . Actions | -11 -10 -9 -8 -7 -7 -6 -6 -6 -6 -5 -5 -5 -5 -4 --------- Run | Scr Mat Mat Mat Fac Sto Fac Gar Fac Gar Fac Gar Fac Ext Fac Total 8488 | 78 263 573 430 895 885 799 992 48 855 410 785 60 491 924 Wait 401 | . 8 20 14 71 28 25 66 . 101 . . . 5 63 Move 6158 | 61 207 429 336 703 583 654 664 48 595 313 583 52 316 614 Hop . | . . . . . . . . . . . . . . . Pick Up 309 | 6 7 26 12 23 47 21 44 . 34 10 28 1 24 26 Fast Attach 153 | 6 5 18 8 15 12 7 11 . 9 12 15 2 10 23 Attach 209 | . . 2 10 8 27 11 35 . 31 12 21 1 22 29 Detach 107 | . 1 3 4 5 14 4 12 . 13 3 19 . 9 20 Swap 37 | . . 2 1 1 4 2 5 . 1 3 10 . 7 1 Drop 381 | . 11 27 17 21 57 28 44 . 27 20 41 2 50 36 Fire 568 | 5 24 44 26 42 65 44 50 . 39 33 49 2 42 103 Melee 28 | . . . . 2 2 . 12 . 1 4 . . 2 5 Ram 7 | . . . . 3 . 3 . . 1 . . . . . Kick 4 | . . 2 2 . . . . . . . . . . . Crush 8 | . . . . . 1 . . . . . . . 4 3 Escape Stasis 67 | . . . . . . . 48 . . . 18 . . 1 Rewire 6 | . . . . 1 . . 1 . 3 . 1 . . . Trap 45 | . . . . . 45 . . . . . . . . . Miscellaneous . | . . . . . . . . . . . . . . . Route ------- -11/Scrapyard -10/Materials -9/Materials (discovered 2 exits: *Mat / [*Min]) -8/Materials -7/Factory (discovered 2 exits: *Fac / *Sto) -7/Storage -6/Factory (discovered 2 exits: [*Low] / Gar) -6/Garrison (discovered 3 exits: *Fac x3) -6/Factory -6/Garrison (discovered 3 exits: *Fac x3) -5/Factory -5/Garrison (discovered 3 exits: [*Fac x3]) -5/Factory -5/Extension -4/Factory History --------- Turn | Location | Event 6 | -11/Scrapyard | Discovered new exit (range 15) 122 | -11/Scrapyard | Entered Materials 312 | -10/Materials | Build established: Mutant 395 | -10/Materials | Discovered new exit (range 5) 549 | -10/Materials | Entered another Materials area 549 | -9/Materials | Evolved 2 slots: Weapon x2 1110 | -9/Materials | Build established: Hauler-Gunner 1224 | -9/Materials | Discovered new exit (range 15) 1511 | -9/Materials | Discovered new exit (range 16) 1551 | -9/Materials | Entered another Materials area 1551 | -8/Materials | Evolved 2 slots: Propulsion x2 2186 | -8/Materials | Discovered new exit (range 4) 2191 | -8/Materials | Entered Factory 2191 | -7/Factory | Evolved 2 slots: Utility x2 2532 | -7/Factory | Discovered new exit (range 15) 2573 | -7/Factory | Discovered new exit (range 9) 3127 | -7/Factory | Repaired Imp. Assault Rifle 3317 | -7/Factory | Entered Storage 3336 | -7/Storage | Build established: Hauler-Tank 3409 | -7/Storage | Lost 3 parts (1n2w) 3456 | -7/Storage | Found Prototype Launcher 3456 | -7/Storage | Identified Rocket Array 3472 | -7/Storage | Found Rocket Array 3758 | -7/Storage | Build established: Scavenger-Tank 4371 | -7/Storage | System corruption reached 10% 4538 | -7/Storage | Discovered new exit (range 16) 4637 | -7/Storage | Identified exit to Factory 4639 | -7/Storage | Entered Factory 4639 | -6/Factory | Evolved 2 slots: Utility x2 4784 | -6/Factory | Build established: Hauler-Mutant 5304 | -6/Factory | Build established: Hauler-Tank 5445 | -6/Factory | Discovered new exit (range 15) 5448 | -6/Factory | Garrison activated, responded to threat 5738 | -6/Factory | Identified exit to Garrison 5739 | -6/Factory | Entered Garrison 5812 | -6/Garrison | Triggered checkpoint 6060 | -6/Garrison | Garrison Relay disabled 6146 | -6/Garrison | Triggered checkpoint 6158 | -6/Garrison | Spotted B-75 Beast 6160 | -6/Garrison | Triggered checkpoint 6179 | -6/Garrison | Destroyed B-75 Beast 6179 | -6/Garrison | Triggered checkpoint 6319 | -6/Garrison | Lost 6 parts (1p1n1u3w) 6482 | -6/Garrison | Discovered new exit (range 10) 6534 | -6/Garrison | Triggered checkpoint 6586 | -6/Garrison | Garrison Relay disabled 6700 | -6/Garrison | Triggered checkpoint 6712 | -6/Garrison | Triggered checkpoint 6752 | -6/Garrison | Discovered new exit (range 8) 6894 | -6/Garrison | Triggered checkpoint 6990 | -6/Garrison | Garrison Relay disabled 7035 | -6/Garrison | Discovered new exit (range 10) 7056 | -6/Garrison | Installed Relay Interface Framework 7062 | -6/Garrison | Entered Factory 7121 | -6/Factory | Identified exit to Garrison 7130 | -6/Factory | Entered Garrison 7175 | -6/Garrison | Triggered checkpoint 7236 | -6/Garrison | Garrison Relay disabled 7302 | -6/Garrison | Triggered checkpoint 7302 | -6/Garrison | Spotted B-75 Beast 7328 | -6/Garrison | Triggered checkpoint 7345 | -6/Garrison | Core integrity fell below 50% 7345 | -6/Garrison | Destroyed B-75 Beast 7382 | -6/Garrison | Lost 9 parts (1p3n1u4w) 7530 | -6/Garrison | Triggered checkpoint 7602 | -6/Garrison | Discovered new exit (range 10) 7642 | -6/Garrison | Triggered checkpoint 7723 | -6/Garrison | Garrison Relay disabled 7823 | -6/Garrison | Build established: Bothacker-Mutant 7878 | -6/Garrison | Discovered new exit (range 10) 7906 | -6/Garrison | Expanded RIF knowledge: Alert ID Control 7962 | -6/Garrison | Triggered checkpoint 8049 | -6/Garrison | Garrison Relay disabled 8118 | -6/Garrison | Triggered checkpoint 8209 | -6/Garrison | Discovered new exit (range 10) 8250 | -6/Garrison | Triggered checkpoint 8326 | -6/Garrison | Garrison Relay disabled 8378 | -6/Garrison | Entered Factory 8378 | -5/Factory | Evolved 2 slots: Utility x1, Weapon x1 8455 | -5/Factory | Fabricated Imp. Arc Projector? 8584 | -5/Factory | Local fabrication network quarantined 8633 | -5/Factory | Garrison activated, responded to threat 8678 | -5/Factory | First assault squad dispatched 9087 | -5/Factory | Identified exit to Garrison 9087 | -5/Factory | Entered Garrison 9132 | -5/Garrison | Triggered checkpoint 9176 | -5/Garrison | Garrison Relay disabled 9354 | -5/Garrison | Lost 4 parts (2u2w) 9429 | -5/Garrison | Triggered checkpoint 9450 | -5/Garrison | Spotted B-75 Beast 9470 | -5/Garrison | Triggered checkpoint 9516 | -5/Garrison | Destroyed B-75 Beast 9579 | -5/Garrison | Build established: Scavenger-Tank 9636 | -5/Garrison | Triggered checkpoint 9675 | -5/Garrison | Garrison Relay disabled 9753 | -5/Garrison | Discovered new exit (range 10) 9931 | -5/Garrison | Discovered new exit (range 10) 9959 | -5/Garrison | Expanded RIF knowledge: Watcher Feeds 9971 | -5/Garrison | Build established: Scavenger-Mutant 10002 | -5/Garrison | Triggered checkpoint 10041 | -5/Garrison | Garrison Relay disabled 10148 | -5/Garrison | Triggered checkpoint 10228 | -5/Garrison | Discovered new exit (range 9) 10272 | -5/Garrison | Triggered checkpoint 10334 | -5/Garrison | Garrison Relay disabled 10391 | -5/Garrison | Entered Factory 10451 | -5/Factory | Discovered new exit (range 13) 10498 | -5/Factory | Entered Extension 10668 | -5/Extension | Rescued a captive Derelict 10680 | -5/Extension | Build established: Scavenger-Tank 10798 | -5/Extension | First assault squad dispatched 10858 | -5/Extension | Rescued A7 10937 | -5/Extension | Energy Cycler disabled 10938 | -5/Extension | Rescued a captive Derelict 10940 | -5/Extension | Rescued a captive Derelict 10940 | -5/Extension | Rescued a captive Derelict 10942 | -5/Extension | Rescued a captive Derelict 10958 | -5/Extension | Rescued a captive Derelict 11094 | -5/Extension | Spotted B-75 Beast 11129 | -5/Extension | Spotted B-75 Beast 11150 | -5/Extension | Destroyed B-75 Beast 11177 | -5/Extension | Destroyed B-75 Beast 11198 | -5/Extension | Disrupted transfer network 11204 | -5/Extension | Extracted ID and sensor layout for unrecognized location from A7's data core 11206 | -5/Extension | Discovered new exit (range 15) 11298 | -5/Extension | Entered Factory 11298 | -4/Factory | Evolved 2 slots: Power x1, Utility x1 11751 | -4/Factory | Spotted B-86 Titan 11771 | -4/Factory | Destroyed B-86 Titan 12048 | -4/Factory | First assault squad dispatched 12118 | -4/Factory | Garrison activated, responded to threat 12295 | -4/Factory | Repaired Hrd. Heavy Armor Plating 12352 | -4/Factory | Repaired Hvy. Treads 12482 | -4/Factory | Garrison activated, responded to threat 12654 | -4/Factory | Released all parts (7) 12656 | -4/Factory | Core integrity fell below 50% 12683 | -4/Factory | Lost 13 parts (3p2n3u5w) 12736 | -4/Factory | Core integrity fell below 20% 12753 | -4/Factory | Destroyed by Y-64 Sentinel with KE Penetrator Last Messages --------------- 12745_ Penetrated by Slug. 12745_ K-01 Serf collects debris. 12745_ K-01 Serf cleans the Construction Platform. 12747_ Slug penetrates Wall. 12747_ K-01 Serf collects debris. 12747_ Penetrated by Slug. 12747_ K-01 Serf cleans the Construction Platform. 12747_ Penetrated by Slug. 12748_ K-01 Serf collects debris. 12748_ K-01 Serf cleans the Construction Platform. 12749_ K-01 Serf collects debris. 12750_ Slug penetrates Wall. 12750_ K-01 Serf collects debris. 12751_ K-01 Serf cleans the Construction Platform. 12751_ Penetrated by Slug. 12751_ K-01 Serf collects debris. 12752_ K-01 Serf cleans the Construction Platform. 12753_ Penetrated by Slug. 12753_ Slug penetrates Wall. 12753_ Penetrated by Slug. Map ----- +----------------------------------------------------+ | ?????????????????????????????????????????????????? | | ?????????????????????????????????????????????????? | | ?????????????????????????????????????????????????? | | ?????????????????????????????????????????????????? | | ?????????????????????????????????????????????????? | | ?????????????????????????????????????????????????? | | ?????????????????????????????????????????????????? | | ?????????????????????????????????????????????????? | | ?????????????????????????????????????????????????? | | ?????????????????????????????????????????????????? | | ????????????????????????? ?????????????????????? | | ????????????????????????? ???????????????????? | | ????????????????????????? ?????????????????? | | ????????????????????????? "?????????????????? | | ????????????????????????? ""????????????????? | | ????????????????????????? """???????????????? | | ????????????????????????? """???????????????? | | ????????????????????????# ???????????????? | | ????????????????????????# """???????????????? | | ????????????????????????# """"??????????????? | | ????????????????????????#![ k"""""?????????????? | | ????????????????????????#![ """""?????????????? | | ????????????????????????#! ?????????????? | | ???????????????????????## """"??????????????? | | ???????????????????????#; ^ k""""??????????????? | | ????????????????????????#@ """"""????????????? | | ????????????????????????# """"""" ?????????? | | ????????????????????????# ????????? | | ????????????????????????# ????????? | | ????????????????????????# ########?????????? | | #???????????????????????# #????????????????? | | #???????????????????????# #????????????????? | | #???????????????????????# #????????????????? | | #???????????????????????# #????????????????? | | #???????????????????????# #????????????????? | | #???????????????????????# k #????????????????? | | #???????????????????????# #????????????????? | | #???????????????????????# #????????????????? | | #???????????????????????# hg#????????????????? | | #??????????????????????## !%[##???????????????? | | #??????????????????????# =%* #??????????????## | | #??????????????????????# #############? | | #??????????????????????# #? ! | | #??????????????????????# # | | #??????????????????????# ! # " | | ####???????????????????# ^ + ! " | | #???????????????????# # " | | #???????????????????# ######" # " | | !!!#???????????????????# #????## #? | | !!!#???????????????????### ###?????# #? | +----------------------------------------------------+ Best States ------------- Heat Dissipation 105 Coolant Potential 80 Energy Generation 35 Energy Capacity 380 Matter Stores 300 Matter Capacity 300 Sight Range 16 Terrain Scan Density 10 Cloak Strength 2 EM Shielding 2 Armor Coverage 1200 Resistance: KI 30 Resistance: TH 15 Core Shielding 30 Evasion (%) 50 Targeting Accuracy 8 Armor Integrity Analysis 50 Recoil Reduction 4 Particle Charging 20 Relay Coupler Types 59 Relay Coupler Value 2 Item Schematics ----------------- None Robot Schematics ------------------ None Fabricated ------------ Imp. Arc Projector | x1 | -5/Factory | Preloaded Alien Tech Used ----------------- None Achievements -------------- Giant Slayer Hehehe Challenges ------------ None Game ------ Seed HeartMiningLauncher Manual? 0 Play Time 04:26:11 Cumulative 62.2 hours Start 2021.10.16 @ 23:49:02 End 2021.10.18 @ 00:03:00 Sessions 7 Manual Loads 0 Difficulty Rogue Special Mode None Game No. 23 Rogue 23 Adventurer 0 Explorer 0 Win Type - Total 0 Types 0/0/0/0/0/0/0/0/0 Lore% 9 Gallery% 43 Achievement% 30 Wizard Run 0 Options --------- ASCII 0 Keyboard 1 Movement Vi Keybinds 0 Fullscreen 1 Font 18/Cog Map View 76x50 Tactical HUD 1 Map Filters NONE Filters NONE Steam 1 RUN: 7d958473-10a5-44bd-8156-3f6f9c51a2c7